 Dungeon Crawl Stone Soup version 0.31-a0-369-g8eba5f6939 (webtiles) character file.

Game seed: 4737071488503981913

0 EonArisen the Ruffian (level 1, 0/15 HPs)
             Began as a Demonspawn Shapeshifter on July 28, 2023.
             Slain by a ball python (1 damage)
             ... on level 1 of the Dungeon.
             The game lasted 00:00:34 (39 turns).

EonArisen the Ruffian (Demonspawn Shapeshifter)       Turns: 39, Time: 00:00:35

Health: 0/15       AC:  2    Str: 15    XL:     1   Next: 8%
Magic:  1/1        EV:  9    Int:  9    God:
Gold:   0          SH:  0    Dex: 13    Spells: 0/0 levels left

rFire   . .          .
                       - Unarmed
rCold   . . .        (no shield)
rNeg    . . .        a - +0 animal skin
rPois   .            (helmet currently unavailable)
rElec   .            (cloak currently unavailable)
rCorr   .            (gloves currently unavailable)
SInv    .            (boots currently unavailable)
Will    .....        (no amulet)
Stlth   +            (no ring)
HPRegen 0.22/turn    (no ring)
MPRegen 0.07/turn

%: no passive effects
@: beast-form, constricted
A: beast (slay +1)
a: Begin Untransformation


You were on level 1 of the Dungeon.
You were a hulking beast.
You visited 1 branch of the dungeon, and saw 1 of its levels.

Inventory:

Armour
 a - a +0 animal skin (worn)
Talismans
 c - a beast talisman
Potions
 b - a potion of lignification


   Skills:
 + Level 1.0 Fighting
 + Level 1.7 Dodging
 + Level 2.7 Unarmed Combat
 + Level 2.7 Shapeshifting


You couldn't memorise any spells.
You didn't know any spells.
Your spell library was empty.

Dungeon Overview and Level Annotations

Branches:
Dungeon (1/15)

Altars:


Message History

Found a robe.
Found a scroll labelled GORUEQU VEACUI.
An endoplasm comes into view.
A bat comes into view.
The endoplasm quivers.
A ball python comes into view.
Found 12 gold pieces.
The ball python hisses angrily.
The bat attacks as you move away! The bat closely misses you. The bat hits you.
The bat barely misses you.
You hit the endoplasm but do no damage. The bat barely misses you.
You hit the endoplasm.
The endoplasm is moderately wounded.
The bat hits you but does no damage. The bat misses you.
The endoplasm freezes you.
You are frozen.
You hit the bat.
The bat is severely wounded.
The bat completely misses you. The endoplasm hits you.
The ball python closely misses you. The ball python barely misses you.
You hit the bat.
You kill the bat!
The endoplasm freezes you.
You are frozen.
* * * LOW HITPOINT WARNING * * *
The ball python bites you but does no damage.
The ball python grabs you. The ball python constricts you.
You hit the endoplasm.
The endoplasm is severely wounded.
The ball python closely misses you. The ball python constricts you.
The endoplasm barely misses you.
You barely miss the endoplasm.
The endoplasm is severely wounded.
The ball python barely misses you. The ball python constricts you.
* * * LOW HITPOINT WARNING * * *
The endoplasm freezes you.
You are frozen.
* * * LOW HITPOINT WARNING * * *
The ball python bites you.
You die...

##..$.....####
.............
............##
.....[.?.....
...........#
...........#.######
#......SJ..........
..####.h#####...#
#......†......#
#.............#
###.........###
##.......##
#..≈§§§.# #.§§§≈§.#
#.§§(§§.# #.≈≈§§§.#


You could see an endoplasm and a ball python.

Vanquished Creatures
  A bat (D:1)
1 creature vanquished.

Notes
Turn   | Place    | Note
-------+----------+-------------------------------------------
     0 | D:1      | EonArisen the Demonspawn Shapeshifter began the quest for
                  | the Orb.
     0 | D:1      | Reached XP level 1. HP: 15/15 MP: 1/1
    39 | D:1      | Slain by a ball python

Illustrated notes

Levels and vault maps discovered:
D:1:      lemuel_arrival_lava_pool, layout_basic

Action                     || total
---------------------------++-------
  Melee: Unarmed           ||     6
 Armour: Animal skin       ||     2
  Dodge: Dodged            ||    10
         Form:             ||     1
         Beast             ||     1

Table legend: (Time is in decaauts)
 A = Elapsed time spent in this place.
 B = Non-inter-level travel time spent in this place.
 C = Inter-level travel time spent in this place.
 D = Time resting spent in this place.
 E = Time spent auto-exploring this place.
 F = Levels seen in this place.
 G = Mean time per level.
                   A        B        C        D        E       F      G
               +--------+--------+--------+--------+--------+-----+--------+
         Total |     38 |     38 |      0 |      0 |      0 |   1 |   38.0 |
       Dungeon |     38 |     38 |      0 |      0 |      0 |   1 |   38.0 |
               +--------+--------+--------+--------+--------+-----+--------+

Top non-repeatable levels by time:
     D:1: 38 daAuts
